 Dungeon Crawl Stone Soup version 0.27-a0-1200-g94dc6ad4cf (webtiles) character file.

Game seed: 18188351119272616737

204 Delamore the Skirmisher (level 5, -1/34 HPs)
             Began as a Gargoyle Fighter on May 30, 2021.
             Slain by a gnoll
             ... wielding a +0 club
              (6 damage)
             ... on level 3 of the Dungeon.
             The game lasted 00:03:06 (3431 turns).

Delamore the Skirmisher (Gargoyle Fighter)          Turns: 3431, Time: 00:03:07

Health: -1/34      AC: 13    Str: 17 (20) XL:     5   Next: 82%
Magic:  5/5        EV: 11    Int:  7 (9)  God:
Gold:   121        SH:  9    Dex:  7 (9)  Spells: 4/4 levels left

rFire    . . .     SeeInvis .   a - +0 flail
rCold    . . .     Faith    .   c - +1 kite shield
rNeg     + . .     Spirit   .   b - +0 scale mail
rPois    ∞         Reflect  .   q - +0 helmet
rElec    +         Harm     .   j - +0 cloak
rCorr    .         Rampage  .   (no gloves)
Will     .....                  (no boots)
Stlth    ..........             (no amulet)
HPRegen  0.11/turn              k - +4 ring of evasion
MPRegen  0.09/turn              (no ring)

@: mighty
A: sickness immunity, AC +4, negative energy resistance 1, electricity
resistance, torment resistance 1, petrification resistance
a: no special abilities


You were on level 3 of the Dungeon.
You visited 1 branch of the dungeon, and saw 3 of its levels.

You collected 121 gold pieces.

Inventory:

Hand Weapons
 a - a +0 flail (weapon)
Missiles
 g - 3 boomerangs (quivered)
Armour
 b - a +0 scale mail (worn)
 c - a +1 kite shield (worn)
 j - a +0 cloak (worn)
 q - a +0 helmet (worn)
Jewellery
 k - a +4 ring of evasion (left hand)
 t - a ring of fire
Wands
 s - a wand of paralysis (4)
Scrolls
 e - 2 scrolls of teleportation {unknown}
 h - a scroll of vulnerability {unknown}
 i - 2 scrolls of amnesia
 l - a scroll of enchant armour
 m - a scroll of enchant weapon {unknown}
 n - a scroll of fog
 p - a scroll of identify
Potions
 f - a potion of magic
 o - a potion of flight


   Skills:
 + Level 4.5 Fighting
 * Level 4.5 Maces & Flails
 + Level 1.8 Throwing
 - Level 3.2 Armour
 - Level 3.2 Shields


You had 4 spell levels left.
You didn't know any spells.
Your spell library was empty.

Dungeon Overview and Level Annotations

Branches:
Dungeon (3/15)

Altars:

Shops:
D:1 [

Annotations:
D:3 Terence


Innate Abilities, Weirdness & Mutations

You are immune to sickness and miasma.
Your stone body is resilient. (AC +4)
You are immune to poison.
You resist negative energy. (rN+)
You are resistant to electric shocks. (rElec)
You are resistant to unholy torment.
You are immune to petrification.


Message History

Terence hits you with a +6 falchion of draining.
The gnoll shaman barely misses you. The gnoll barely misses you.
The gnoll closely misses you.
You closely miss Terence.
Terence is moderately wounded.
The bat hits you but does no damage. The bat closely misses you.
The adder closely misses you. The gnoll hits you but does no damage.
Terence shouts, "DIE!!!"
You block Terence's attack.
The gnoll shaman hits you but does no damage.
The adder barely misses you. The gnoll closely misses you.
You block the gnoll's attack. x2
You closely miss the bat. The bat hits you but does no damage.
The adder barely misses you. You block Terence's attack.
You block the gnoll shaman's attack. You block the gnoll's attack.
The gnoll closely misses you. The gnoll completely misses you.
The adder closely misses you. Terence hits you but does no damage.
The gnoll shaman barely misses you.
You hit Terence.
Terence is heavily wounded.
The gnoll closely misses you. The gnoll hits you with a +0 flail!
* * * LOW HITPOINT WARNING * * *
You block the gnoll's attack. The adder barely misses you.
You block Terence's attack. The gnoll shaman barely misses you.
The gnoll hits you but does no damage. The gnoll closely misses you.
The adder bites you.
* * * LOW HITPOINT WARNING * * *
The gnoll misses you.
You feel very mighty all of a sudden. Terence closely misses you.
The gnoll shaman calls upon its god to speed up the gnoll.
The gnoll seems to speed up.
The adder bites you but does no damage.
You block the gnoll's attack. x2; The gnoll barely misses you.
It was a potion of degeneration.
There was something very wrong with that liquid.
You feel weakened.
You feel dopey.
You feel clumsy. Terence hits you but does no damage.
You block the adder's attack.
The gnoll shaman calls upon its god to heal the gnoll.
The gnoll's wounds heal themselves!
The gnoll hits you with a +0 club.
You die...

####..# #...
.##.....#......
................
...#.....#.... .
.....#......#########
#.###..b......#........#
......g@g.....#.........
.!.....@Sg!.............
##.....gg.....#.........
#.#.##...†..........>..
#. ##......#.....†...
.....#.#
#.###..#......... ###
........##.# #......††...
..##
....#.....####.#.....###.
...##
...###..#.....####....##
....#
#.###..........##.##.##


You could see Terence, a gnoll shaman, 4 gnolls, an adder and a bat.

Vanquished Creatures
  Crazy Yiuf (D:2)
  An iguana (D:3)
  Ijyb (D:3)
  4 gnolls
  3 adders
  A worm (D:3)
  2 dart slugs
  4 ball pythons
  2 endoplasms (D:2)
  A giant cockroach (D:1)
  5 goblins
  4 hobgoblins
  4 jackals (D:2)
  3 quokkas
  8 bats
  2 frilled lizards (D:1)
  5 kobolds
  2 rats (D:1)
53 creatures vanquished.

Notes
Turn   | Place    | Note
-------+----------+-------------------------------------------
     0 | D:1      | Delamore the Gargoyle Fighter began the quest for the Orb.
     0 | D:1      | Reached XP level 1. HP: 14/14 MP: 1/1
   337 | D:1      | Found a faded altar of an unknown god.
   763 | D:1      | Reached XP level 2. HP: 19/19 MP: 2/2
   894 | D:1      | Found Ebiatwa's Antique Armour Emporium.
  1220 | D:2      | Reached XP level 3. HP: 24/24 MP: 3/3
  1285 | D:2      | HP: 1/24 [gnoll/+0 club (3)]
  1665 | D:1      | Reached XP level 4. HP: 22/29 MP: 4/4
  2155 | D:2      | Reached skill level 1 in Throwing
  2796 | D:2      | Found a runed translucent door.
  2797 | D:2      | Noticed Crazy Yiuf
  2804 | D:2      | Killed Crazy Yiuf
  2805 | D:2      | Reached XP level 5. HP: 33/33 MP: 5/5
  2969 | D:3      | Noticed Ijyb
  2975 | D:3      | Paralysed by Ijyb for 5 turns
  2983 | D:3      | Killed Ijyb
  2999 | D:3      | Noticed a black bear
  3413 | D:3      | Noticed Terence
  3431 | D:3      | Slain by a gnoll

Illustrated notes

Levels and vault maps discovered:
D:1:      dpeg_arrival_court, layout_basic, serial_shops, shop,
          shapermc_ecumenical_altar_hornbeckon
D:2:      layout_basic, minmay_cut_off, uniq_crazy_yiuf_cottage
D:3:      layout_rooms, serial_shops, shop, uniq_ijyb, uniq_terence

Skill      XL: |  1  2  3  4 |
---------------+-------------+-----
Maces & Flails | 3 4 |  4.5
Fighting       | 4 |  4.5
Throwing       | 1 |  1.8
Armour         | |  3.2
Shields        | |  3.2

Action                   |  1- 3 |  4- 6 || total
-------------------------+-------+-------++-------
Melee: Flail             |    93 |   152 ||   245
Throw: Boomerang         |     2 |     4 ||     6
  Use: Scroll            |       |     5 ||     5
       Potion            |       |     2 ||     2
Armor: Scale mail        |    58 |    92 ||   150
       Skin              |       |    32 ||    32
Dodge: Dodged            |    29 |   110 ||   139
Block: Kite shield       |    60 |   114 ||   174

Table legend: (Time is in decaauts)
 A = Elapsed time spent in this place.
 B = Non-inter-level travel time spent in this place.
 C = Inter-level travel time spent in this place.
 D = Time resting spent in this place.
 E = Time spent auto-exploring this place.
 F = Levels seen in this place.
 G = Mean time per level.
                   A        B        C        D        E       F      G
               +--------+--------+--------+--------+--------+-----+--------+
         Total |   3559 |   3348 |    211 |    667 |   2056 |   3 | 1186.3 |
       Dungeon |   3559 |   3348 |    211 |    667 |   2056 |   3 | 1186.3 |
               +--------+--------+--------+--------+--------+-----+--------+

Top non-repeatable levels by time:
     D:1: 1672 daAuts
     D:2: 1557 daAuts
     D:3: 328 daAuts
